TOP OF THE 1ST |
Santa Anna Dukes batting - Pitching for Pueblo Prairie Dogs : RHP Raúl Vallejo
|
Pitching: RHP Raúl Vallejo
|
|
Batting: RHB Rory Howard
|
0-0: Foul Ball, location: 2F 0-1: Swinging Strike 0-2: Ball 1-2: Strikes out swinging
|
Batting: RHB William Elliott
|
0-0: Ball 1-0: Ball 2-0: Foul Ball, location: 2F 2-1: Fly out, F7 (Flyball, 78S)
|
Batting: RHB George Lutz
|
0-0: Called Strike 0-1: Foul Ball, location: 2F 0-2: Strikes out swinging
|
Top of the 1st over - 0 run(s), 0 hit(s), 0 error(s), 0 left on base; Santa Anna 0 - Pueblo 0 |
BOTTOM OF THE 1ST |
Pueblo Prairie Dogs batting - Pitching for Santa Anna Dukes : RHP Elliott Hinton
|
Pitching: RHP Elliott Hinton
|
|
Batting: RHB Ánibal Barrios
|
0-0: Foul Ball, location: 2F 0-1: Called Strike 0-2: Ball 1-2: Ball 2-2: Strikes out looking
|
Batting: RHB John Newman
|
0-0: Ground out 6-3 (Groundball, 56)
|
Batting: RHB Bob Fitzgerald
|
0-0: Ball 1-0: Called Strike 1-1: DOUBLE (Line Drive, 7LM)
|
Batting: RHB José Zumaya
|
0-0: Foul Ball, location: 2F 0-1: Ball 1-1: Ball 2-1: Ball 3-1: Called Strike 3-2: Foul Ball, location: 2F 3-2: Foul Ball, location: 2F 3-2: Strikes out swinging
|
Bottom of the 1st over - 0 run(s), 1 hit(s), 0 error(s), 1 left on base; Santa Anna 0 - Pueblo 0 |
TOP OF THE 2ND |
Santa Anna Dukes batting - Pitching for Pueblo Prairie Dogs : RHP Raúl Vallejo
|
Batting: RHB Ken Pérez
|
0-0: Called Strike 0-1: Ball 1-1: Ball 2-1: Ball 3-1: Fly out, F9 (Flyball, 9S)
|
Batting: SHB Jerry Young
|
0-0: Called Strike 0-1: Ball 1-1: Fly out, F8 (Flyball, 8RS)
|
Batting: RHB Tom Fisher
|
0-0: Called Strike 0-1: Swinging Strike 0-2: Ball 1-2: Ball 2-2: Strikes out swinging
|
Top of the 2nd over - 0 run(s), 0 hit(s), 0 error(s), 0 left on base; Santa Anna 0 - Pueblo 0 |
BOTTOM OF THE 2ND |
Pueblo Prairie Dogs batting - Pitching for Santa Anna Dukes : RHP Elliott Hinton
|
Batting: RHB Clancy Castro
|
0-0: Called Strike 0-1: Swinging Strike 0-2: Ball 1-2: Ball 2-2: Ball 3-2: Foul Ball, location: 2F 3-2: Fly out, F5 (Popup, 5L)
|
Batting: RHB David Adams
|
0-0: Fly out, F8 (Flyball, 8RS)
|
Batting: RHB Ian Howard
|
0-0: Ball 1-0: Called Strike 1-1: Ground out 4-3 (Groundball, 4)
|
Bottom of the 2nd over - 0 run(s), 0 hit(s), 0 error(s), 0 left on base; Santa Anna 0 - Pueblo 0 |
TOP OF THE 3RD |
Santa Anna Dukes batting - Pitching for Pueblo Prairie Dogs : RHP Raúl Vallejo
|
Batting: RHB Bob Cooper
|
0-0: Called Strike 0-1: Swinging Strike 0-2: Ball 1-2: Ball 2-2: Foul Ball, location: 2F 2-2: Strikes out swinging
|
Batting: RHB John Hutchins
|
0-0: Called Strike 0-1: Ground out 5-3 (Groundball, 56S)
|
Batting: RHB Allen Barlow
|
0-0: Ball 1-0: Foul Ball, location: 2F 1-1: Ground out 4-3 (Groundball, 4)
|
Top of the 3rd over - 0 run(s), 0 hit(s), 0 error(s), 0 left on base; Santa Anna 0 - Pueblo 0 |
BOTTOM OF THE 3RD |
Pueblo Prairie Dogs batting - Pitching for Santa Anna Dukes : RHP Elliott Hinton
|
Batting: LHB Peter Rodgers
|
0-0: Swinging Strike 0-1: Foul Ball, location: 2F 0-2: Strikes out swinging
|
Batting: LHB Jason King
|
0-0: Called Strike 0-1: Called Strike 0-2: SINGLE (Groundball, 6M) (infield hit)
|
Batting: RHB Ánibal Barrios
|
0-0: Ball 1-0: Called Strike 1-1: SINGLE (Groundball, 6MD) Jason King to second
|
Batting: RHB John Newman
|
0-0: Ball Jason King steals 3rd base Ánibal Barrios to second 1-0: Foul Ball, location: 2F 1-1: Foul Ball, location: 2F 1-2: Ball 2-2: Strikes out looking
|
Batting: RHB Bob Fitzgerald
|
0-0: Called Strike 0-1: Swinging Strike 0-2: Ball 1-2: Strikes out swinging
|
Bottom of the 3rd over - 0 run(s), 2 hit(s), 0 error(s), 2 left on base; Santa Anna 0 - Pueblo 0 |
TOP OF THE 4TH |
Santa Anna Dukes batting - Pitching for Pueblo Prairie Dogs : RHP Raúl Vallejo
|
Batting: RHB Rory Howard
|
0-0: Called Strike 0-1: Swinging Strike 0-2: Ball 1-2: Ball 2-2: Strikes out swinging
|
Batting: RHB William Elliott
|
0-0: Ball 1-0: Ball 2-0: Called Strike 2-1: Ball 3-1: Fly out, F9 (Flyball, 89M)
|
Batting: RHB George Lutz
|
0-0: Ball 1-0: Called Strike 1-1: Ball 2-1: Foul Ball, location: 2F 2-2: Foul Ball, location: 2F 2-2: Strikes out swinging
|
Top of the 4th over - 0 run(s), 0 hit(s), 0 error(s), 0 left on base; Santa Anna 0 - Pueblo 0 |
BOTTOM OF THE 4TH |
Pueblo Prairie Dogs batting - Pitching for Santa Anna Dukes : RHP Elliott Hinton
|
Batting: RHB José Zumaya
|
0-0: Called Strike 0-1: Ball 1-1: Called Strike 1-2: Ball 2-2: SINGLE (Line Drive, 6MD)
|
Batting: RHB Clancy Castro
|
0-0: Called Strike 0-1: Ball 1-1: Ball 2-1: Ball 3-1: SINGLE (Groundball, 6MD) José Zumaya to second
|
Batting: RHB David Adams
|
0-0: Ball 1-0: Ball 2-0: Swinging Strike 2-1: Ball 3-1: Foul Ball, location: 2F 3-2: Grounds into double play, 4-6-3 (Groundball, 34) José Zumaya to third
|
Batting: RHB Ian Howard
|
0-0: Called Strike 0-1: Ball 1-1: Ball 2-1: Ball 3-1: Base on Balls
|
Batting: LHB Peter Rodgers
|
0-0: Called Strike 0-1: Fly out, F8 (Flyball, 8LM)
|
Bottom of the 4th over - 0 run(s), 2 hit(s), 0 error(s), 2 left on base; Santa Anna 0 - Pueblo 0 |
TOP OF THE 5TH |
Santa Anna Dukes batting - Pitching for Pueblo Prairie Dogs : RHP Raúl Vallejo
|
Batting: RHB Ken Pérez
|
0-0: Ball 1-0: Ball 2-0: Called Strike 2-1: Foul Ball, location: 2F 2-2: SINGLE (Flyball, 9S)
|
Batting: SHB Jerry Young
|
0-0: Ball 1-0: Called Strike 1-1: Called Strike 1-2: Ball 2-2: Ball 3-2: Fielders Choice at 2nd, 5-4 (Groundball, 56)
|
Batting: RHB Tom Fisher
|
0-0: Called Strike 0-1: Ball 1-1: Grounds into double play, 6-4-3 (Groundball, 6)
|
Top of the 5th over - 0 run(s), 1 hit(s), 0 error(s), 0 left on base; Santa Anna 0 - Pueblo 0 |
BOTTOM OF THE 5TH |
Pueblo Prairie Dogs batting - Pitching for Santa Anna Dukes : RHP Elliott Hinton
|
Batting: LHB Jason King
|
0-0: Called Strike 0-1: Ball 1-1: Fly out, F9 (Line Drive, 9)
|
Batting: RHB Ánibal Barrios
|
0-0: Ball 1-0: SINGLE (Line Drive, 6D)
|
Batting: RHB John Newman
|
0-0: Ball 1-0: Called Strike 1-1: Ball 2-1: Ball 3-1: Foul Ball, location: 2F 3-2: Grounds into double play, 5-4-3 (Groundball, 56)
|
Bottom of the 5th over - 0 run(s), 1 hit(s), 0 error(s), 0 left on base; Santa Anna 0 - Pueblo 0 |
TOP OF THE 6TH |
Santa Anna Dukes batting - Pitching for Pueblo Prairie Dogs : RHP Raúl Vallejo
|
Batting: RHB Bob Cooper
|
0-0: Called Strike 0-1: Foul Ball, location: 2F 0-2: Foul Ball, location: 2F 0-2: Ball 1-2: Ball 2-2: Strikes out swinging
|
Batting: RHB John Hutchins
|
0-0: Called Strike 0-1: Reached on error, E6 (Groundball, 6)
|
Batting: RHB Allen Barlow
|
0-0: Ball 1-0: Called Strike 1-1: SINGLE (Flyball, 8LS) John Hutchins to third Runner from 3rd tries for Home, SAFE, no throw
|
Batting: RHB Rory Howard
|
0-0: Called Strike 0-1: Called Strike 0-2: Ball 1-2: Foul Ball, location: 2F 1-2: Fly out, F9 (Flyball, 89S)
|
Pitching: LHP Shannon Thomas
|
|
Batting: RHB William Elliott
|
0-0: Ball 1-0: Ball 2-0: Called Strike 2-1: Fielders Choice at 2nd, 6-4 (Groundball, 6)
|
Top of the 6th over - 1 run(s), 1 hit(s), 1 error(s), 0 left on base; Santa Anna 1 - Pueblo 0 |
BOTTOM OF THE 6TH |
Pueblo Prairie Dogs batting - Pitching for Santa Anna Dukes : RHP Elliott Hinton
|
Pitching: RHP Troy Perkins
|
|
Batting: RHB Bob Fitzgerald
|
0-0: Fly out, F8 (Flyball, 8LS)
|
Batting: RHB José Zumaya
|
0-0: Foul Ball, location: 2F 0-1: SINGLE (Line Drive, 9LM)
|
Batting: RHB Clancy Castro
|
0-0: Ball 1-0: Called Strike 1-1: Foul Ball, location: 2F 1-2: Ball 2-2: Foul Ball, location: 2F 2-2: Strikes out swinging
|
Batting: RHB David Adams
|
0-0: Called Strike 0-1: Ball 1-1: Foul Ball, location: 2F 1-2: Foul Ball, location: 2F 1-2: Fly out, F9 (Flyball, 9D)
|
Bottom of the 6th over - 0 run(s), 1 hit(s), 0 error(s), 1 left on base; Santa Anna 1 - Pueblo 0 |
TOP OF THE 7TH |
Santa Anna Dukes batting - Pitching for Pueblo Prairie Dogs : LHP Shannon Thomas
|
Batting: RHB George Lutz
|
0-0: Ball 1-0: Called Strike 1-1: Ball 2-1: Foul Ball, location: 2F 2-2: Strikes out looking
|
Batting: RHB Ken Pérez
|
0-0: Ball 1-0: Swinging Strike 1-1: Foul Ball, location: 2F 1-2: Strikes out swinging
|
Batting: SHB Jerry Young
|
0-0: Ball 1-0: Ball 2-0: Foul Ball, location: 2F 2-1: Fly out, F9 (Flyball, 9S)
|
Top of the 7th over - 0 run(s), 0 hit(s), 0 error(s), 0 left on base; Santa Anna 1 - Pueblo 0 |
BOTTOM OF THE 7TH |
Pueblo Prairie Dogs batting - Pitching for Santa Anna Dukes : RHP Troy Perkins
|
Batting: RHB Ian Howard
|
0-0: Foul Ball, location: 2F 0-1: Swinging Strike 0-2: Fly out, F3 (Popup, 3L)
|
Batting: LHB Peter Rodgers
|
0-0: Ball 1-0: Swinging Strike 1-1: Swinging Strike 1-2: Ball 2-2: Ball 3-2: Strikes out swinging
|
Batting: LHB Jason King
|
0-0: SINGLE (Flyball, 8LS)
|
Pinch Hitting: RHB Manny Herrera
|
0-0: Ball 1-0: Called Strike 1-1: Ball 2-1: Called Strike 2-2: Strikes out swinging
|
Bottom of the 7th over - 0 run(s), 1 hit(s), 0 error(s), 1 left on base; Santa Anna 1 - Pueblo 0 |
TOP OF THE 8TH |
Santa Anna Dukes batting - Pitching for Pueblo Prairie Dogs : LHP Shannon Thomas
|
Now at 2B: Manny Herrera
|
|
Batting: RHB Tom Fisher
|
0-0: Ball 1-0: Ball 2-0: Foul Ball, location: 2F 2-1: Foul Ball, location: 2F 2-2: Ball 3-2: Base on Balls
|
Batting: RHB Bob Cooper
|
0-0: Called Strike 0-1: Reached on error, E2 (Groundball, 2L) Tom Fisher to third
|
Pinch Hitting: RHB Jesús Velásquez
|
0-0: Intentional Walk
|
Batting: RHB Allen Barlow
|
0-0: Ball 1-0: Swinging Strike 1-1: Swinging Strike 1-2: Foul Ball, location: 2F 1-2: Ball 2-2: Ball 3-2: Fly out, F9 (Flyball, 9S) Runner from 3rd tags up, SCORES, throw made
|
Pinch Hitting: RHB Brent Allen
|
0-0: Ball 1-0: Swinging Strike 1-1: Swinging Strike 1-2: Foul Ball, location: 2F 1-2: SINGLE (Line Drive, 3S) Bob Cooper to third Jesús Velásquez to second
|
Pinch Hitting: RHB Alberto Morín
|
0-0: Called Strike 0-1: Ball 1-1: Ball 2-1: Fly out, F5 (Popup, 56)
|
Batting: RHB George Lutz
|
0-0: Ball 1-0: Ball 2-0: Foul Ball, location: 2F 2-1: Foul Ball, location: 2F 2-2: SINGLE (Flyball, 89S) Bob Cooper scores Jesús Velásquez to third Brent Allen to second Runner from 3rd tries for Home, SAFE, no throw
|
Pitching: RHP Alonso Palmeiro
|
|
Batting: RHB Ken Pérez
|
0-0: Fielders Choice at 2nd, 6-4 (Groundball, 6)
|
Top of the 8th over - 3 run(s), 2 hit(s), 1 error(s), 1 left on base; Santa Anna 4 - Pueblo 0 |
BOTTOM OF THE 8TH |
Pueblo Prairie Dogs batting - Pitching for Santa Anna Dukes : RHP Troy Perkins
|
Now at 2B: Alberto Morín
|
|
Now in CF: Jesús Velásquez
|
|
Now in RF: John Miller
|
|
Batting: RHB John Newman
|
0-0: Fly out, F7 (Line Drive, 7)
|
Batting: RHB Bob Fitzgerald
|
0-0: Swinging Strike 0-1: Foul Ball, location: 2F 0-2: Ball 1-2: Ball 2-2: Foul Ball, location: 2F 2-2: Strikes out swinging
|
Batting: RHB José Zumaya
|
0-0: Swinging Strike 0-1: Ball 1-1: Ground out 6-3 (Groundball, 6)
|
Bottom of the 8th over - 0 run(s), 0 hit(s), 0 error(s), 0 left on base; Santa Anna 4 - Pueblo 0 |
TOP OF THE 9TH |
Santa Anna Dukes batting - Pitching for Pueblo Prairie Dogs : RHP Alonso Palmeiro
|
Batting: SHB Jerry Young
|
0-0: Called Strike 0-1: Foul Ball, location: 2F 0-2: SINGLE (Groundball, 56) (infield hit)
|
Batting: RHB Tom Fisher
|
0-0: Ball 1-0: Bunted foul 1-1: Sac Bunt - play at first, batter OUT! 1-4 Jerry Young to second
|
Batting: RHB Bob Cooper
|
0-0: Called Strike Jerry Young steals 3rd base 0-1: Swinging Strike 0-2: Strikes out looking
|
Batting: RHB Jesús Velásquez
|
0-0: Called Strike 0-1: Called Strike 0-2: Ball 1-2: Ball 2-2: Ground out U3 (Groundball, 34)
|
Top of the 9th over - 0 run(s), 1 hit(s), 0 error(s), 1 left on base; Santa Anna 4 - Pueblo 0 |
BOTTOM OF THE 9TH |
Pueblo Prairie Dogs batting - Pitching for Santa Anna Dukes : RHP Troy Perkins
|
Batting: RHB Clancy Castro
|
0-0: Ball 1-0: Ball 2-0: Foul Ball, location: 2F 2-1: Swinging Strike 2-2: Ball 3-2: Fly out, F7 (Flyball, 7)
|
Batting: RHB David Adams
|
0-0: SINGLE (Flyball, 78S)
|
Batting: RHB Ian Howard
|
0-0: Swinging Strike 0-1: Foul Ball, location: 2F 0-2: Ball 1-2: Ball 2-2: Grounds into double play, 6-4-3 (Groundball, 6)
|
Bottom of the 9th over - 0 run(s), 1 hit(s), 0 error(s), 0 left on base; Santa Anna 4 - Pueblo 0 |
|